 Dungeon Crawl Stone Soup version 0.27.1-34-g3ba077fa99 (webtiles) character file.

Game seed: 3245610238347615457

32 Descartes the Grasshopper (level 3, 0/27 HPs)
             Began as a Formicid Warper on Jan 22, 2022.
             Slain by a kobold (3 damage)
             ... on level 2 of the Dungeon.
             The game lasted 00:02:03 (1439 turns).

Descartes the Grasshopper (Formicid Warper)         Turns: 1439, Time: 00:02:04

Health: 0/27       AC:  3    Str: 16    XL:     3   Next: 42%
Magic:  6/6        EV: 11    Int: 12    God:
Gold:   55         SH:  4    Dex: 10    Spells: 6/6 levels left

rFire    . . .     SeeInvis +   a - +0 mace
rCold    . . .     Faith    .   e - +0 buckler
rNeg     . . .     Spirit   .   b - +0 leather armour
rPois    .         Reflect  .   (helmet unavailable)
rElec    .         Harm     .   (no cloak)
rCorr    .         Rampage  .   (no gloves)
Will     .....                  (no boots)
Stlth    +.........             (no amulet)
HPRegen  0.09/turn              (no ring)
MPRegen  0.10/turn              (no ring)

@: no status effects
A: permanent stasis, dig shafts and tunnels, antennae 3, four strong arms
a: Dig, Shaft Self


You were on level 2 of the Dungeon.
You visited 1 branch of the dungeon, and saw 2 of its levels.

You collected 55 gold pieces.

Inventory:

Hand Weapons
 a - a +0 mace (weapon)
Missiles
 c - 5 boomerangs of dispersal (quivered)
 i - 18 stones
Armour
 b - a +0 leather armour (worn)
 e - a +0 buckler (worn)
Scrolls
 h - a scroll of identify {unknown}
Potions
 d - a potion of might {unknown}
 f - a potion of flight {unknown}
 g - a potion of curing {unknown}


   Skills:
 - Level 2.1 Fighting
 - Level 2.0 Maces & Flails
 - Level 1.0 Throwing
 + Level 2.0 Armour
 - Level 1.7 Dodging
 * Level 1.9 Shields
 - Level 2.1 Spellcasting
 + Level 3.1 Translocations


You had 6 spell levels left.
You didn't know any spells.
Your spell library contained the following spells:

 Spells                   Type           Power      Damage    Failure   Level
 Gell's Gravitas          Tloc           4%         N/A       30%         3
 Lesser Beckoning         Tloc           4%         N/A       30%         3
 Teleport Other           Tloc           8%         N/A       30%         3
 Manifold Assault         Tloc           8%         N/A       95%         5
 Blink                    Tloc           Unusable   N/A       N/A         2

Dungeon Overview and Level Annotations

Branches:
Dungeon (2/15)

Altars:


Innate Abilities, Weirdness & Mutations

You cannot be hasted, slowed, berserked, paralysed or teleported.
You can dig through walls and to a lower floor.
You have a pair of large antennae on your head. (SInv)
Your four strong arms can wield two-handed weapons with a shield.


Message History

The kobold barely misses you.
You closely miss the kobold. The kobold barely misses you.
You hit the worm.
The worm is lightly wounded.
The kobold misses you. The worm bites you!
You hit the worm.
The worm is heavily wounded.
The kobold closely misses you. You block the kobold's attack.
You hit the worm.
The worm is heavily wounded.
The worm barely misses you. The kobold hits you but does no damage.
You sock the worm!
The worm is almost dead.
The kobold closely misses you. The worm barely misses you.
You sock the worm!
You kill the worm!
The kobold barely misses you.
The kobold hits you with a +0 short sword.
You are too injured to fight recklessly!
You are too injured to fight recklessly!
You are too injured to fight recklessly!
You are too injured to fight recklessly!
You are too injured to fight recklessly!
You are too injured to fight recklessly!
You are too injured to fight recklessly!
You are too injured to fight recklessly!
You are too injured to fight recklessly!
You are too injured to fight recklessly!
You are too injured to fight recklessly!
A kobold is nearby!
You barely miss the kobold. The kobold misses you.
You barely miss the kobold.
The kobold hits you with a +0 short sword.
* * * LOW HITPOINT WARNING * * *
You barely miss the kobold. The kobold barely misses you.
You miss the kobold.
The kobold hits you with a +0 short sword.
* * * LOW HITPOINT WARNING * * *
The kobold hits you with a +0 short sword.
You die...

##...#####
##........##
###.......#..
.>........#
#.......#
#.....# #$K..#
######@# #
#......#.####
...#†........#
#.##.#..#.#
#)##.#..#
#.##.. ... {
#.##.##.#.. {
#.##......##
#<......###


You could see a kobold.

Vanquished Creatures
  A worm (D:2)
  2 dart slugs (D:1)
  2 bats (D:1)
  5 goblins (D:1)
  3 hobgoblins (D:1)
  4 jackals (D:1)
  A kobold (D:2)
  A ball python (D:2)
  4 rats
23 creatures vanquished.

Notes
Turn   | Place    | Note
-------+----------+-------------------------------------------
     0 | D:1      | Descartes the Formicid Warper began the quest for the Orb.
     0 | D:1      | Reached XP level 1. HP: 16/16 MP: 3/3
   265 | D:1      | Reached XP level 2. HP: 18/22 MP: 5/5
   380 | D:1      | Reached skill level 1 in Shields
   500 | D:1      | Found a faded altar of an unknown god.
   674 | D:1      | Reached skill level 3 in Translocations
   742 | D:1      | Reached XP level 3. HP: 11/27 MP: 6/6
  1439 | D:2      | Slain by a kobold

Illustrated notes

Levels and vault maps discovered:
D:1:      amcnicky_arrival_wind_blow, layout_loops_corners,
          shapermc_ecumenical_altar_totnotflames
D:2:      layout_loops_cross, columned_hall_lemuel

Skill      XL: |  1  2  3 |
---------------+----------+-----
Shields        | 1 |  1.9
Translocations | 3 |  3.1
Armour         | 2 |  2.0
Fighting       | |  2.1
Maces & Flails | |  2.0
Throwing       | |  1.0
Dodging        | |  1.7
Spellcasting   | |  2.1

Action                   || total
-------------------------++-------
Melee: Mace              ||    84
Armor: Leather armour    ||    25
Dodge: Dodged            ||    65
Block: Buckler           ||    22
